 Dungeon Crawl Stone Soup version 0.30-a0-5-g3a90980b9d (webtiles) character file.

Game seed: 413707979283767453

42 Nedwor the Cutter (level 3, -1/28 HPs)
             Began as a Demonspawn Gladiator on Aug 22, 2022.
             Slain by a gnoll
             ... wielding a +0 halberd
              (9 damage)
             ... on level 2 of the Dungeon.
             The game lasted 00:02:33 (1149 turns).

Nedwor the Cutter (Demonspawn Gladiator)            Turns: 1149, Time: 00:02:33

Health: -1/28      AC:  7    Str: 16    XL:     3   Next: 33%
Magic:  3/3        EV: 11    Int:  9    God:
Gold:   50         SH:  0    Dex: 14    Spells: 2/2 levels left

rFire   + . .      SeeInvis .    a - +1 rapier
rCold   . . .      Faith    .    (no shield)
rNeg    . . .      Spirit   .    e - +0 ring mail
rPois   .          Reflect  .    c - +1 helmet
rElec   .          Harm     .    (no cloak)
rCorr   +          Rampage  .    (no gloves)
Will    .....                    (no boots)
Stlth   +.........               (no amulet)
HPRegen 0.09/turn                b - ring of protection from fire
MPRegen 0.08/turn                f - ring of resist corrosion

@: no status effects
A: ignite blood 1
a: no special abilities


You were on level 2 of the Dungeon.
You visited 1 branch of the dungeon, and saw 2 of its levels.

You collected 50 gold pieces.

Inventory:

Hand Weapons
 a - a +1 rapier (weapon)
Armour
 c - a +1 helmet (worn)
 e - a +0 ring mail (worn)
Jewellery
 b - a ring of protection from fire (left hand)
 f - a ring of resist corrosion (right hand)
Scrolls
 d - a scroll of enchant armour
 g - a scroll of silence {unknown}
 h - a scroll of magic mapping {unknown}
 i - 2 scrolls of identify {unknown}
 j - a scroll of amnesia {unknown}
 k - a scroll of enchant weapon


   Skills:
 + Level 2.4 Fighting
 * Level 3.3 Short Blades
 - Level 1.7 Throwing
 + Level 1.0 Armour
 + Level 3.0 Dodging


You had 2 spell levels left.
You didn't know any spells.
Your spell library contained the following spells:

 Spells                   Type           Power      Damage    Failure   Level
 Dazzling Flash           Conj/Hex       0%         N/A       93%         3
 Agony                    Necr           0%         N/A       100%        5
 Silence                  Hex/Air        0%         N/A       100%        5


Dungeon Overview and Level Annotations

Branches:
Dungeon (2/15)

Altars:


Innate Abilities, Weirdness & Mutations

Your demonic aura sometimes causes spilled blood to erupt in flames.


Message History

The gnoll hits you with a +0 club. The gnoll misses you.
You hit the gnoll.
The gnoll is lightly wounded.
The gnoll hits you with a +0 club. The gnoll closely misses you.
The gnoll barely misses you.
You hit the gnoll.
The gnoll is heavily wounded.
The gnoll barely misses you.
The gnoll hits you from afar with a +0 halberd.
The gnoll hits you from afar with a +0 spear.
You are too injured to fight recklessly!
You are too injured to fight recklessly!
You are too injured to fight recklessly!
You are too injured to fight recklessly!
You are too injured to fight recklessly!
You are too injured to fight recklessly!
You are too injured to fight recklessly!
You are too injured to fight recklessly!
You are too injured to fight recklessly!
You are too injured to fight recklessly!
You are too injured to fight recklessly!
You are too injured to fight recklessly!
You are too injured to fight recklessly!
You are too injured to fight recklessly!
You are too injured to fight recklessly!
You are too injured to fight recklessly!
You are too injured to fight recklessly!
The gnoll attacks as you move away! The gnoll closely misses you.
The gnoll attacks as you move away! The gnoll hits you but does no damage.
The gnoll hits you but does no damage. The gnoll hits you with a +0 club.
The gnoll completely misses you. The gnoll attacks as you move away!
The gnoll hits you with a +0 club.
* * * LOW HITPOINT WARNING * * *
The gnoll attacks as you move away! The gnoll hits you but does no damage.
You hit the gnoll.
The gnoll is severely wounded.
The gnoll is engulfed in blazing flames.
You kill the gnoll!
The gnoll hits you from afar with a +0 halberd!
You die...

#.. ... ... #.#
###.##$. #.#
#.....
#<#####.#.#
#.#.g.....#..
#...g..g........
#.#g###.........
#.#○# #######.##
#†#@# # #.#.#
#.#.########
#.)..†......
###.######## #.#
#.# #.# #.# #.#
#.# #.# #.# #.#


You could see 3 gnolls.

Vanquished Creatures
  A gnoll (D:2)
  An adder (D:2)
  2 dart slugs (D:1)
  A bat (D:1)
  4 endoplasms (D:1)
  4 giant cockroaches
  3 goblins (D:1)
  A hobgoblin (D:2)
  2 jackals (D:1)
  A kobold (D:1)
  A quokka (D:1)
  3 ball pythons (D:1)
  2 rats (D:1)
26 creatures vanquished.

Vanquished Creatures (others)
  4 plants (D:1)
4 creatures vanquished.

Grand Total: 30 creatures vanquished

Notes
Turn   | Place    | Note
-------+----------+-------------------------------------------
     0 | D:1      | Nedwor the Demonspawn Gladiator began the quest for the
                  | Orb.
     0 | D:1      | Reached XP level 1. HP: 16/16 MP: 1/1
   221 | D:1      | Gained mutation: Your demonic aura sometimes causes spilled
                  | blood to erupt in flames. [demonic ancestry]
   221 | D:1      | Reached XP level 2. HP: 22/22 MP: 2/2
   935 | D:1      | Reached XP level 3. HP: 27/28 MP: 3/3
  1025 | D:2      | Reached skill level 1 in Armour
  1149 | D:2      | Slain by a gnoll

Illustrated notes

Levels and vault maps discovered:
D:1:      matt_arrival_los_fun, layout_basic, serial_park_tiny_1,
          serial_bayou_lagoon_a, corexii_hall_statues_i
D:2:      kennysheep_six_static_rooms, layout_loops_ring

Skill      XL: |  1  2  3 |
---------------+----------+-----
Short Blades   | 3 |  3.3
Dodging        | 3 |  3.0
Armour         | 1 |  1.0
Fighting       | |  2.4
Throwing       | |  1.7

Action                   || total
-------------------------++-------
Melee: Rapier            ||    95
  Use: Scroll            ||     3
 Stab: Sleeping          ||     1
Armor: Troll leather arm ||     5
       Ring mail         ||    40
Dodge: Dodged            ||    59

Table legend: (Time is in decaauts)
 A = Elapsed time spent in this place.
 B = Non-inter-level travel time spent in this place.
 C = Inter-level travel time spent in this place.
 D = Time resting spent in this place.
 E = Time spent auto-exploring this place.
 F = Levels seen in this place.
 G = Mean time per level.
                   A        B        C        D        E       F      G
               +--------+--------+--------+--------+--------+-----+--------+
         Total |   1163 |   1136 |     27 |      0 |    899 |   2 |  581.5 |
       Dungeon |   1163 |   1136 |     27 |      0 |    899 |   2 |  581.5 |
               +--------+--------+--------+--------+--------+-----+--------+

Top non-repeatable levels by time:
     D:1: 1027 daAuts
     D:2: 135 daAuts
